 Dungeon Crawl Stone Soup version 0.25-a0-785-gb22c70e859 (webtiles) character file.

Game seed: 17284125405778753416, levelgen mode: deterministic

540 Maedhros the Sneak (level 7, -10/46 HPs)
             Began as an Octopode Artificer on Apr 16, 2020.
             Was a Follower of Cheibriados.
             Mangled by an orc warrior
             ... wielding a cursed +0 battleaxe
              (29 damage)
             ... on level 6 of the Dungeon.
             The game lasted 00:06:10 (3792 turns).

Maedhros the Sneak (Octopode Artificer)             Turns: 3792, Time: 00:06:11

Health: -10/46     AC:  3    Str: 14    XL:     7   Next: 26%
Magic:  9/9        EV: 11    Int: 16    God:    Cheibriados [*.....]
Gold:   152        SH: 16    Dex: 18    Spells: 6/6 levels left

rFire    + . .     SeeInvis .     - Unarmed
rCold    . . .     Gourm    .   o - +4 tower shield of the Sturgeon {rF+}
rNeg     . . .     Faith    .   (helmet restricted)
rPois    .         Spirit   .   l - amulet of regeneration
rElec    .         Reflect  .   s - ring of flight
rCorr    .         Harm     .   i - +1 ring of evasion
MR       .....     Clarity  +   (no ring)
Stlth    ++++......             (no ring)
HPRegen  0.55/turn              (no ring)
MPRegen  0.11/turn              (no ring)
                                (no ring)
                                (no ring)

@: hasted
A: almost no armour, stealthy swim, amphibious, 8 rings, constrict 8, molten
scales 1, camouflage 1, blink, clarity, gelatinous body 1
a: Blink, Bend Time, Renounce Religion, Evoke Flight


You were on level 6 of the Dungeon.
You worshipped Cheibriados.
Cheibriados was aware of your devotion.
You were not hungry.

You visited 2 branches of the dungeon, and saw 7 of its levels.

You collected 389 gold pieces.
You spent 237 gold pieces at shops.

Inventory:

Missiles
 a - 8 silver boomerangs
 e - 23 poisoned darts (quivered)
 q - 28 boomerangs
Armour
 o - the +4 tower shield of the Sturgeon (worn) {rF+}
   (You bought it in a shop on level 4 of the Dungeon)

   It protects you from fire.
Jewellery
 i - a +1 ring of evasion (right tentacle)
 l - an amulet of regeneration (around mantle)
 m - an uncursed amulet of guardian spirit
 s - a ring of flight (left tentacle)
Wands
 b - a wand of flame (10)
 c - a wand of enslavement (8)
Scrolls
 d - 2 scrolls of identify
 g - 3 scrolls of blinking
Potions
 h - a potion of mutation
 n - a potion of magic
 p - 2 potions of flight
Comestibles
 f - 11 rations


   Skills:
 + Level 3.1 Fighting
   Level 1.0 Short Blades
 + Level 3.7 Dodging
 - Level 4.6 Stealth
 * Level 1.4 Shields
 * Level 4.4 Unarmed Combat
 - Level 3.2 Evocations


You had 6 spell levels left.
You didn't know any spells.
Your spell library contained the following spells:

 Spells                   Type           Power        Failure   Level  Hunger
 Magic Dart               Conj           #...         99%         1    ##.....
 Searing Ray              Conj           #.....       100%        2    ###....
 Dazzling Flash           Conj/Hex       #.....       100%        3    ####...
 Fulminant Prism          Conj/Hex       #.........   100%        4    #####..
 Iskenderun's Mystic Bla  Conj/Tloc      #.......     100%        4    #####..


Dungeon Overview and Level Annotations

Branches:
Dungeon (6/15)             Temple (1/1) D:5

Altars:
Ashenzari
Cheibriados
Dithmenos
Elyvilon
Fedhas
Gozag
Makhleb
Okawaru
Qazlal
Ru
Sif Muna
Trog
Uskayaw
Wu Jian
Yredelemnul
Zin
The Shining One

Shops:
D:4 [


Innate Abilities, Weirdness & Mutations

You cannot wear most types of armour.
You are very stealthy in the water. (Stealth+)
You are amphibious.
You can wear up to eight rings at the same time.
You can use your tentacles to constrict eight enemies at once.
Your skin changes colour to match your surroundings (Stealth+).
Your rubbery body absorbs attacks. (AC +1, EV +1)
You are partially covered in molten scales. (AC +2)
You can translocate small distances at will.
You possess an exceptional clarity of mind.


Message History

The orc is lightly wounded.
You constrict the orc warrior.
You constrict the orc, but do no damage.
Your orc priest looks encouraged for a moment.
You completely miss the orc warrior.
The orc warrior is moderately wounded.
You constrict the orc warrior, but do no damage.
You constrict the orc. The orc hits you with a +0 club.
The orc warrior hits you with a cursed +0 battleaxe!
* * * LOW HITPOINT WARNING * * *
You feel better.
You constrict the orc warrior, but do no damage.
You constrict the orc.
You tentacle-slap the orc warrior but do no damage.
The orc warrior is moderately wounded.
You constrict the orc warrior, but do no damage.
You constrict the orc. You block the orc's attack.
The orc warrior hits you with a cursed +0 battleaxe!!
Ouch! That really hurt!
You die...

#......)=.###.#
##.............#
...........###.#
##............#
#.).....####.#
#...ol..#
#.......#
####oo### #.@#
#..# #..# #..#
#.## #.#
#.#######
#........
#>.######


You could see an orc warrior, an orc, a friendly iguana and a friendly orc
priest.

Vanquished Creatures
  A bullfrog (D:4)
  A scorpion (D:5)
  A crimson imp (D:5)
  4 hounds
  A jelly (D:4)
  2 orc wizards (D:4)
  10 orcs
  4 adders
  2 oozes (D:4)
  3 worms
  A ball python (D:3)
  2 giant cockroaches
  5 goblins
  7 hobgoblins
  7 jackals
  2 quokkas
  9 bats
  6 frilled lizards
  A jackal skeleton (D:4)
  9 kobolds
  A leopard gecko skeleton (D:4)
  5 rats
84 creatures vanquished.

Vanquished Creatures (collateral kills)
  An orc priest (D:6)
  An orc wizard (D:6)
  A rat (D:3)
3 creatures vanquished.

Vanquished Creatures (others)
  An orc priest (D:3)
1 creature vanquished.

Grand Total: 88 creatures vanquished

Notes
Turn   | Place    | Note
-------+----------+-------------------------------------------
     0 | D:1      | Maedhros the Octopode Artificer began the quest for the
                  | Orb.
     0 | D:1      | Reached XP level 1. HP: 13/13 MP: 3/3
   321 | D:1      | Reached skill level 1 in Unarmed Combat
   321 | D:1      | Reached XP level 2. HP: 17/18 MP: 4/4
   845 | D:2      | Found a glowing silver altar of Zin.
   928 | D:2      | Reached XP level 3. HP: 22/23 MP: 5/5
  1126 | D:3      | Gained mutation: You can translocate small distances at
                  | will. [potion of mutation]
  1126 | D:3      | Gained mutation: You are partially covered in molten
                  | scales. (AC +2) [potion of mutation]
  1126 | D:3      | Gained mutation: You possess an exceptional clarity of
                  | mind. [potion of mutation]
  1133 | D:3      | Reached XP level 4. HP: 6/29 MP: 6/6
  1810 | D:4      | Found a glowing golden altar of the Shining One.
  1810 | D:4      | Noticed a bullfrog
  1817 | D:4      | Killed a bullfrog
  1817 | D:4      | Reached XP level 5. HP: 33/34 MP: 7/7
  1932 | D:4      | Reached XP level 6. HP: 41/41 MP: 8/8
  1960 | D:5      | Entered Level 5 of the Dungeon
  2048 | D:5      | Found a staircase to the Ecumenical Temple.
  2068 | Temple   | Entered the Ecumenical Temple
  2086 | Temple   | Became a worshipper of Cheibriados the Contemplative
  2401 | D:3      | Found a shimmering blue altar of Sif Muna.
  2942 | D:2      | Found an ornate altar of the Wu Jian Council.
  3178 | D:4      | Noticed a +0 hand axe
  3178 | D:4      | Noticed a +0 dagger
  3193 | D:4      | Found a hide-covered altar of Uskayaw.
  3212 | D:4      | Reached * piety under Cheibriados
  3422 | D:4      | Found Lunnyaf's Antique Armour Shop.
  3426 | D:4      | Found a sacrificial altar of Ru.
  3426 | D:4      | Found a basalt altar of Yredelemnul.
  3435 | D:4      | Bought a heavily runed tower shield for 237 gold pieces
  3440 | D:4      | Identified the +4 tower shield of the Sturgeon {rF+} (You
                  | bought it in a shop on level 4 of the Dungeon)
  3511 | D:5      | Reached XP level 7. HP: 21/46 MP: 9/9
  3595 | D:5      | Reached skill level 1 in Shields
  3792 | D:6      | Mangled by an orc warrior

Levels and vault maps discovered:
D:1:      nzn_arrival_crosshair, layout_loops_ring
D:2:      layout_basic, overflow_temple_1_default,
          nicolae_overflow_crystal_walls, hex_medium
D:3:      layout_loops_corners, led_sif_pool, minmay_fountain_box,
          minmay_misc_feat_roman, minmay_quantized
D:4:      layout_basic, dancing_weapons_uskayaw, gammafunk_temple_overflow_wave,
          serial_shops, shop, nicolae_tso_swordbearing_angel
D:5:      layout_basic, temple_fountains, first_ration
D:6:      layout_loops_ring, gammafunk_ghost_abyssal_escape
Temple:   eino_wide_crystal_templ

Skill      XL: |  1  2  3  4  5  6  7 |
---------------+----------------------+-----
Unarmed Combat | 1 2 3 4 |  4.4
Stealth        | 2 3 4 |  4.6
Fighting       | 2 3 |  3.1
Dodging        | 3 |  3.7
Shields        | 1 |  1.4
Short Blades   | |  1.0
Evocations     | |  3.2

Action                   |  1- 3 |  4- 6 |  7- 9 || total
-------------------------+-------+-------+-------++-------
Melee: Short sword       |    75 |    47 |       ||   122
       Constrict         |    22 |    33 |     4 ||    59
       Tentacles         |    14 |    30 |     4 ||    48
       Punch             |     1 |     3 |       ||     4
       Dagger            |       |    90 |       ||    90
       Unarmed           |       |    12 |    11 ||    23
Evoke: Wand              |     1 |     8 |     4 ||    13
  Use: Potion            |     3 |       |     2 ||     5
       Scroll            |       |     9 |       ||     9
 Stab: Sleeping          |     7 |     5 |     2 ||    14
       Distracted        |     1 |       |       ||     1
  Eat: Chunk             |       |     9 |       ||     9
Armor: Skin              |     9 |    22 |       ||    31
Dodge: Dodged            |    58 |    94 |     4 ||   156
Block: Tower shield      |       |     6 |     5 ||    11

Table legend:
 A = Non-vault XP
 B = Vault XP
 C = Vault XP percentage of total XP
 D = Non-vault monster count
 E = Vault monster count
 F = Vault count percentage of total count
                 A         B        C        D         E       F
            +---------+---------+-------+---------+---------+-------
      Total |     769 |       3 |   0.4 |      86 |       2 |   2.3
            +---------+---------+-------+---------+---------+-------
        D:1 |      23 |       0 |   0.0 |      16 |       0 |   0.0
        D:2 |      37 |       0 |   0.0 |      18 |       0 |   0.0
        D:3 |      79 |       3 |   3.7 |      20 |       2 |   9.1
        D:4 |     438 |       0 |   0.0 |      26 |       0 |   0.0
        D:5 |     155 |       0 |   0.0 |       4 |       0 |   0.0
        D:6 |      37 |       0 |   0.0 |       2 |       0 |   0.0
            +---------+---------+-------+---------+---------+-------
